 Dungeon Crawl Stone Soup version 0.27.0-1-g7a089689b8 (webtiles) character file.

Game seed: 725354813297477466

133 ZARRMARR the Digger (level 4, 0/51 HPs)
             Began as a Draconian Earth Elementalist on Aug 4, 2021.
             Slain by an orc priest (2 damage)
             ... on level 3 of the Dungeon.
             The game lasted 00:12:55 (3804 turns).

ZARRMARR the Digger (Draconian Earth Elementalist)  Turns: 3804, Time: 00:12:56

Health: 0/51       AC:  5    Str: 10    XL:     4   Next: 94%
Magic:  7/8        EV: 12    Int: 17    God:
Gold:   143        SH:  0    Dex: 11    Spells: 7/8 levels left

rFire    . . .     SeeInvis .   a - +0 club
rCold    . . .     Faith    .   (no shield)
rNeg     . . .     Spirit   .   (armour unavailable)
rPois    +         Reflect  .   (helmet restricted)
rElec    .         Harm     .   (no cloak)
rCorr    .         Rampage  .   (no gloves)
Will     +....                  (no boots)
Stlth    ..........             (no amulet)
HPRegen  0.17/turn              i - ring of poison resistance
MPRegen  0.11/turn              o - ring of willpower

@: berserking, very quick
A: AC +5, unfitting armour, cold-blooded
a: no special abilities


You were on level 3 of the Dungeon.
You visited 1 branch of the dungeon, and saw 3 of its levels.

You collected 143 gold pieces.

Inventory:

Hand Weapons
 a - a +0 club (weapon)
Missiles
 b - 42 stones (quivered)
 j - 10 datura-tipped darts
Jewellery
 i - a ring of poison resistance (left hand)
 o - a ring of willpower (right hand)
Wands
 k - a wand of flame (18)
Scrolls
 e - a scroll of fog {unknown}
 f - a scroll of amnesia {unknown}
 h - a scroll of blinking {unknown}
 l - 2 scrolls of identify {unknown}
 n - 2 scrolls of enchant weapon {unknown}
Potions
 c - a potion of cancellation {unknown}
 d - a potion of lignification {unknown}
 g - 2 potions of curing
 m - a potion of flight {unknown}


   Skills:
 + Level 0.9 Fighting
 + Level 0.9 Maces & Flails
 + Level 0.1 Throwing
 + Level 2.4 Dodging
 + Level 2.2 Stealth
 + Level 2.9 Spellcasting
 + Level 1.0 Transmutations
 + Level 4.1 Earth Magic


You had 7 spell levels left.
You knew the following spells:

 Your Spells              Type           Power      Damage    Failure   Level
a - Sandblast             Erth           32%        2d9       3%          1

Your spell library contained the following spells:

 Spells                   Type           Power      Damage    Failure   Level
 Passwall                 Tmut/Erth      9%         N/A       10%         2
 Stone Arrow              Conj/Erth      18%        3d8       22%         3
 Petrify                  Tmut/Erth      11%        N/A       52%         4


Dungeon Overview and Level Annotations

Branches:
Dungeon (3/15)

Altars:

Shops:
D:2 [


Innate Abilities, Weirdness & Mutations

Your plain brown scales are hard. (AC +5)
You cannot fit into any form of body armour.
You are cold-blooded and may be slowed by cold attacks.


Message History

Aim: an orc priest, wielding a +0 whip, wearing a +0 ring mail and wearing a +0 buckler (moderately wounded, 82% to hit)
The blast of sand hits the orc priest but does no damage.
The orc priest is moderately wounded.
b - 42 stones The orc priest hits you with a +0 whip.
You hit the orc priest.
Your tail-slap misses the orc priest.
The orc priest is heavily wounded.
The orc priest calls down the wrath of Beogh upon you.
You resist with some effort.
You barely miss the orc priest.
The orc priest is heavily wounded.
The orc priest hits you with a +0 whip. The orc priest blocks your attack.
The orc priest is heavily wounded.
The orc priest misses you. The orc priest hits you with a +0 whip.
* * * LOW HITPOINT WARNING * * *
A red film seems to cover your vision as you go berserk!
You feel yourself moving faster!
You feel mighty! The orc priest misses you. The orc priest blocks your attack.
Your tail-slap misses the orc priest.
The orc priest is moderately wounded.
The orc priest hits you but does no damage.
You hit the orc priest.
The orc priest is heavily wounded.
You hit the orc priest.
The orc priest is severely wounded.
The orc priest mumbles some strange prayers to Beogh against you.
Beogh smites you!
* * * LOW HITPOINT WARNING * * *
You barely miss the orc priest.
The orc priest is severely wounded.
The orc priest closely misses you.
You barely miss the orc priest.
The orc priest is severely wounded.
The orc priest calls down the wrath of Beogh upon you.
Pain shoots through your body!
* * * LOW HITPOINT WARNING * * *
The orc priest blocks your attack.
Your tail-slap misses the orc priest.
The orc priest is severely wounded.
The orc priest hits you with a +0 whip.
You die...

### (..# #. ...## #..#
........ ..#
##....######(...# .. ..#
......(@o).(....# ..#.#
##...(####.#....#....#.#
#... #.# .###... ..#
.... #.# .# #..###.# ...
#.##.# #......# ..
#..#.# #..##... . ##.#.#
#)...... #.#.# ##.##...
#.#.# #.......


You could see an orc priest.

Vanquished Creatures
  An orc wizard (D:3)
  2 gnolls
  2 worms (D:2)
  2 dart slugs
  4 orcs (D:3)
  8 bats
  5 endoplasms
  11 giant cockroaches
  5 goblins
  3 hobgoblins
  5 jackals
  5 kobolds
  5 ball pythons
  8 frilled lizards
  7 rats
73 creatures vanquished.

Notes
Turn   | Place    | Note
-------+----------+-------------------------------------------
     0 | D:1      | ZARRMARR the Draconian Earth Elementalist began the quest
                  | for the Orb.
     0 | D:1      | Reached XP level 1. HP: 14/14 MP: 3/3
    30 | D:1      | Reached XP level 2. HP: 4/20 MP: 0/5
   935 | D:1      | Reached XP level 3. HP: 26/26 MP: 2/6
  1004 | D:1      | Found a faded altar of an unknown god.
  2127 | D:2      | Reached XP level 4. HP: 33/33 MP: 3/8
  2216 | D:2      | Reached skill level 4 in Earth Magic
  2274 | D:2      | Found Moank's Armour Emporium.
  3803 | D:3      | HP: 2/51 [orc priest/nerve-wracking pain (3)]
  3804 | D:3      | Slain by an orc priest

Illustrated notes

Levels and vault maps discovered:
D:1:      scummos_arrival_hexagon, layout_basic, chequers_ecumenical_altar_grove
D:2:      minmay_chambers_of_twos, layout_basic, serial_shops,
          nicolae_lakefront_shop, hangedman_decor_push
D:3:      minmay_roachtagon, layout_basic

Skill      XL: |  1  2  3  4 |
---------------+-------------+-----
Dodging        | 2 |  2.4
Stealth        | 2 |  2.2
Earth Magic    | 4 |  4.1
Fighting       | |  0.9
Maces & Flails | |  0.9
Throwing       | |  0.1
Spellcasting   | |  2.9
Transmutations | |  1.0

Action                   |  1- 3 |  4- 6 || total
-------------------------+-------+-------++-------
Melee: Unarmed           |    12 |       ||    12
       Club              |    59 |   107 ||   166
       Tailslap          |     5 |     9 ||    14
Throw: Dart              |       |     9 ||     9
       Stone             |       |     5 ||     5
 Cast: Sandblast         |    53 |    20 ||    73
  Use: Potion            |       |     4 ||     4
Armor: Skin              |    21 |    68 ||    89
Dodge: Dodged            |    61 |    87 ||   148
